 Dungeon Crawl Stone Soup version 0.17.1-2-g5865329 (webtiles) character file.

44 Rukheim the Grave Robber (level 3, -3/24 HPs)
             Began as a Demonspawn Necromancer on Mar 11, 2016.
             Killed from afar by an orc wizard (5 damage)
             ... with a magic dart
             ... on level 3 of the Dungeon.
             The game lasted 00:12:30 (2582 turns).

Rukheim the Grave Robber (Demonspawn Necromancer)   Turns: 2582, Time: 00:12:32

Health: -3/24      AC:  5    Str:  6 (8)  XL:     3   Next: 39%
Magic:  2/6        EV: 12    Int: 15      God:
Gold:   109        SH:  0    Dex: 15      Spells: 2 memorised, 4 levels left

rFire  . . .     SeeInvis .     q - -3 falchion (curse)
rCold  . . .     Clarity  .     a - +0 robe
rNeg   . . .     SustAt   .     (no shield)
rPois  .         Gourm    .     (helmet restricted)
rElec  .         Spirit   .     p - +0 cloak
rCorr  .         Warding  .     (no gloves)
rMut   .         Stasis   .     g - +0 pair of boots
MR     +....                    (no amulet)
Stlth  ++........               (no ring)
                                i - ring of protection from magic

@: lethally poisoned (-3 -> -9), somewhat resistant to hostile enchantments,
unstealthy
A: horns 1, molten scales 1, agile 1, dopey 1
a: no special abilities


You were on level 3 of the Dungeon.
You were not hungry.

You visited 1 branch of the dungeon, and saw 3 of its levels.

You collected 109 gold pieces.

Inventory:

Hand Weapons
 h - a +0 dagger
 q - a cursed -3 falchion (weapon)
Armour
 a - a +0 robe (worn)
 g - a +0 pair of boots (worn)
 p - a +0 cloak (worn)
Jewellery
 i - a ring of protection from magic (left hand)
 j - an uncursed ring of protection from fire {unknown}
 o - an uncursed amulet of guardian spirit {unknown}
Scrolls
 d - a scroll of recharging
 m - a scroll of identify
 n - a scroll of immolation
Potions
 c - a potion of degeneration
 f - a potion of poison
 k - a potion of resistance
Books
 b - a book of Necromancy

   Spells                             Type                      Level
   a - Pain                           Necromancy                   1
   b - Animate Skeleton               Necromancy                   1
   c - Vampiric Draining              Necromancy                   3
   d - Regeneration                   Charms/Necromancy            3
   e - Animate Dead                   Necromancy                   4
   f - Control Undead                 Necromancy                   4


   Skills:
 + Level 1.8 Dodging
 + Level 1.7 Stealth
 + Level 0.1 Unarmed Combat
 + Level 2.3 Spellcasting
 + Level 5.4 Necromancy


You had 4 spell levels left.
You knew the following spells:

 Your Spells              Type           Power        Failure   Level  Hunger
a - Pain                  Necr           ###.         2%          1    #......
b - Animate Skeleton      Necr           N/A          2%          1    #......


Dungeon Overview and Level Annotations

Branches:
Dungeon (3/15)

Altars:
Ashenzari
Ru


Innate Abilities, Weirdness & Mutations

You are partially covered in molten scales (AC +1).
You have a pair of small horns on your head.
You are agile. (Dex +2)
You are dopey. (Int -2)


Message History

You miss something.
* * * LOW HITPOINT WARNING * * *
You feel sick.
You hear some strange, mumbled words.
A magic dart appears from out of thin air!
The magic dart hits you! Something hits you but does no damage.
You closely miss something.
* * * LOW HITPOINT WARNING * * *
You feel sick. Something hits you but does no damage.
Something hits you but does no damage.
You completely miss something. You headbutt something. Something hits you.
* * * LOW HITPOINT WARNING * * *
Something barely misses you.
You barely miss something.
* * * LOW HITPOINT WARNING * * *
You feel sick. Something hits you but does no damage.
You hear some strange, mumbled words.
A magic dart appears from out of thin air!
The magic dart hits you!
You die...

.#.# ...#
#.# #..#
#.##.# #..#
#.##.# #..#
#.##.#
#######..#
#.##.#
..#......#
#.##)#
..#.####.#
#.##{#
..#.#
#.####.##@#
..#.#
#.......(.#
..#.##
######.####
.....# #.#
..#..######
#.#
..#........
..#
....###...
...
........##
####
.#..###.#


There were no monsters in sight!

Vanquished Creatures
  2 orcs (D:3)
  5 bats
  2 giant cockroaches (D:1)
  3 goblins (D:2)
  7 hobgoblins
  3 jackals (D:2)
  2 ball pythons (D:1)
  A giant gecko (D:2)
  3 giant newts (D:1)
  5 kobolds
  5 rats
  A bush (D:1)
39 creatures vanquished.

Vanquished Creatures (collateral kills)
  A giant cockroach (D:1)
  A goblin (D:2)
2 creatures vanquished.

Grand Total: 41 creatures vanquished

Notes
Turn   | Place    | Note
--------------------------------------------------------------
     0 | D:1      | Rukheim the Demonspawn Necromancer began the quest for the Orb.
     0 | D:1      | Reached XP level 1. HP: 13/13 MP: 3/3
    21 | D:1      | Learned a level 1 spell: Animate Skeleton
   144 | D:1      | Gained mutation: You are partially covered in molten scales (AC +1). [demonic ancestry]
   144 | D:1      | Reached XP level 2. HP: 14/19 MP: 1/5
   413 | D:1      | Reached skill level 5 in Necromancy
  1925 | D:2      | Reached XP level 3. HP: 24/24 MP: 4/6
  2022 | D:2      | Found a sacrificial altar of Ru.
  2542 | D:3      | Found a shattered altar of Ashenzari.
  2577 | D:3      | Gained mutation: You are dopey. (Int -2) [potion of mutation]
  2577 | D:3      | Gained mutation: You are agile. (Dex +2) [potion of mutation]
  2577 | D:3      | Gained mutation: You have a pair of small horns on your head. [potion of mutation]
  2582 | D:3      | Killed from afar by an orc wizard

Action                   || total
-------------------------++-------
Melee: Unarmed           ||    10
       Dagger            ||   487
       Falchion          ||    10
 Cast: Pain              ||    54
       Animate Skeleton  ||    20
  Use: Scroll            ||     9
       Potion            ||     6
  Eat: Bread ration      ||     2
       Chunk             ||     2
